 Dungeon Crawl Stone Soup version 0.28-a0-1485-g077359a4bf (webtiles) character file.

Game seed: 5136704330520839521

7390 Hasart the Destroyer (level 10, -5/69 HPs)
             Began as a Demigod Conjurer on Jan 11, 2022.
             Slain by a skeletal warrior (14 damage)
             ... led by a skeletal warrior
             ... on level 9 of the Dungeon.
             The game lasted 00:34:20 (11197 turns).

Hasart the Destroyer (Demigod Conjurer)            Turns: 11197, Time: 00:34:20

Health: -5/69      AC:  6    Str: 14    XL:     10   Next: 61%
Magic:  9/25       EV: 30    Int: 32    God:
Gold:   446        SH:  0    Dex: 12    Spells: 16/23 levels left

rFire   + . .      SeeInvis .   E - +5 long sword
rCold   + . .      Faith    .   (no shield)
rNeg    . . .      Spirit   .   g - +2 robe {rC+ rF+}
rPois   +          Reflect  .   t - +1 helmet
rElec   .          Harm     .   (no cloak)
rCorr   .          Rampage  .   (no gloves)
Will    +....                   (no boots)
Stlth   ++........              n - amulet of the acrobat
HPRegen 0.21/turn               z - ring of poison resistance
MPRegen 0.19/turn               B - +6 ring of strength

@: acrobatic
A: high mp 1, forlorn, divine attributes
a: no special abilities


You were on level 9 of the Dungeon.
You visited 1 branch of the dungeon, and saw 9 of its levels.
You also visited: Bailey.

You collected 735 gold pieces.
You spent 289 gold pieces at shops.

Inventory:

Hand Weapons
 u - the +6 rapier of Watchfulness {freeze, rPois rC+++ Int-5 Dex-5}
   (You bought it in a shop on level 2 of the Dungeon)

   It freezes those it strikes, dealing additional cold damage.
   It can also slow down cold-blooded creatures.
   Int:       It affects your intelligence (-5).
   Dex:       It affects your dexterity (-5).
   rC:        It renders you almost immune to cold.
   rPois:     It protects you from poison.
 E - a +5 long sword (weapon)
Missiles
 k - 11 throwing nets
Armour
 g - a +2 robe of resistance (worn)
 t - a +1 helmet (worn)
 A - a +0 troll leather armour
Magical Staves
 b - a staff of earth
Jewellery
 n - an amulet of the acrobat (around neck)
 z - a ring of poison resistance (left hand)
 B - a +6 ring of strength (right hand)
Wands
 q - a wand of flame (20)
 v - a wand of acid (13)
Scrolls
 a - a scroll of vulnerability
 c - 2 scrolls of enchant weapon
 e - 4 scrolls of teleportation
 f - a scroll of magic mapping
 j - 2 scrolls of immolation
 m - a scroll of blinking
 o - a scroll of fear
 p - a scroll of identify
 r - a scroll of holy word
Potions
 h - 2 potions of curing
 i - 6 potions of heal wounds
 l - 2 potions of flight
 s - a potion of mutation
 w - a potion of attraction
 C - a potion of haste


   Skills:
 - Level 0.5 Axes
 + Level 7.6 Dodging
 - Level 1.7 Stealth
 + Level 7.4 Spellcasting
 + Level 9.1 Conjurations
 + Level 7.2 Hexes


You had 16 spell levels left.
You knew the following spells:

 Your Spells              Type           Power      Damage    Failure   Level
a - Magic Dart            Conj           100%       1d8       1%          1
b - Fulminant Prism       Conj/Hex       29%        3d14      1%          4
z - Searing Ray           Conj           100%       2d8       1%          2

Your spell library contained the following spells:

 Spells                   Type           Power      Damage    Failure   Level
 Confusing Touch          Hex            55%        N/A       1%          3
 Dazzling Flash           Conj/Hex       100%       N/A       1%          3
 Corpse Rot               Necr/Air       22%        N/A       6%          2
 Poisonous Vapours        Pois/Air       22%        N/A       6%          2
 Iskenderun's Mystic Bla  Conj/Tloc      41%        2d9       6%          4
 Yara's Violent Unravell  Hex/Tmut       17%        3d8       24%         5
 Conjure Ball Lightning   Conj/Air       20%        3x3d6     67%         6
 Enfeeble                 Hex            27%        N/A       86%         7
 Discord                  Hex            27%        N/A       100%        8
 Disjunction              Tloc           5%         N/A       100%        8


Dungeon Overview and Level Annotations

Branches:
Dungeon (9/15)             Temple (0/1) D:4          Bailey (visited)
   Lair: D:8-11         Orc: D:9-12

Shops:
D:2 [(?   D:8 *[=*?

Annotations:
D:6 2 transporters


Innate Abilities, Weirdness & Mutations

You have an increased reservoir of magic. (+10% MP)
You shall have no god before yourself.
Your divine heritage dramatically boosts your attributes as you level up.


Message History

Aiming: Fulminant Prism (dangerous; 1% risk of failure)
Press: ? - help, Dir - move target You conjure a prism of explosive energy!
A fulminant prism comes into view.
A skeletal warrior comes into view. It is wielding a +0 long sword.
A skeletal warrior comes into view. It is wielding a +0 mace.
The skeletal warrior moves out of view.
Your fulminant prism crackles loudly.
You feel yourself speed up.
Your fulminant prism explodes!
The blast of energy engulfs the skeletal warrior!!
The skeletal warrior is moderately damaged.
The blast of energy engulfs the skeletal warrior!!
The skeletal warrior is moderately damaged.
A skeletal warrior comes into view. It is wielding a +0 war axe.
Casting: Fulminant Prism (dangerous; 1% risk of failure)
Confirm with . or Enter, or press ? or * to list all spells.
Aiming: Fulminant Prism (dangerous; 1% risk of failure)
Press: ? - help, Dir - move target You conjure a prism of explosive energy!
A fulminant prism comes into view.
The skeletal warrior hits you with a +0 scimitar!
Your fulminant prism crackles loudly.
The skeletal warrior throws a stone.
The stone closely misses you.
Your fulminant prism explodes!
The blast of energy engulfs the skeletal warrior!!!
You destroy the skeletal warrior!
The blast of energy engulfs the skeletal warrior!
The skeletal warrior is moderately damaged.
The blast of energy engulfs the skeletal warrior.
The skeletal warrior is heavily damaged.
Your magical contamination has completely faded away.
There is an open door here.
There is an open door here.
There is an open door here.
The skeletal warrior hits you with a +0 mace!
The skeletal warrior hits you with a +0 long sword!!
* * * LOW HITPOINT WARNING * * *
The skeletal warrior hits you with a +0 mace!
You die...

#..........# ###..........#
######+
#.....##............#####......
#.....#..#..............#.#####
#.....#z##..........###K'.....#
#.....#.##......[...# ###.###.#
#.....#.##....).[...# #.#...#
#.....#.##...z..[...# ###.###
#.....#z##...z@..[..## #...# .
#.....'.#####.####.(.# #.###.#
#.....### #.# ##...## #K.....
###'### #.# #8...8# ##.####
##..# #.. ##...## #...## ##..##
#### #...# ##.K.. #z.## ##...##
#.... ##'####### #8...8# #....
#........###### ####...## ###K.


You could see 2 skeletal warriors.

Vanquished Creatures
  A skeletal warrior (D:9)
  A cyclops (D:9)
  A troll (D:7)
  A hornet (D:9)
  11 yaks
  Grum (Bailey)
  A water moccasin (D:7)
  An orc warrior (D:9)
  A sky beast (D:3)
  3 black bears
  An ice beast (D:7)
  A hornet zombie (D:8)
  4 wolves (Bailey)
  3 ogres
  2 centaurs
  A phantom (D:5)
  4 kobold brigands
  2 bullfrogs
  A wyvern zombie (D:8)
  A water moccasin zombie (D:5)
  7 gnoll sergeants
  3 scorpions
  5 killer bees (D:8)
  4 wights (D:8)
  3 howler monkeys
  A bullfrog zombie (D:7)
  2 centaur zombies
  6 hounds
  A jelly (D:4)
  7 gnoll shamans
  A bullfrog skeleton (D:5)
  4 iguanas
  4 orc wizards
  A hound zombie (D:5)
  7 adders
  26 gnolls
  2 river rats (D:6)
  A shadow imp (D:7)
  A white imp (D:6)
  3 dart slugs
  11 orcs
  5 endoplasms
  8 goblins
  8 hobgoblins
  3 quokkas
  9 ball pythons
  9 bats
  6 frilled lizards
  13 kobolds
  10 rats
213 creatures vanquished.

Vanquished Creatures (others)
  34 fulminant prisms
  3 fungi (D:6)
  9 plants
46 creatures vanquished.

Grand Total: 259 creatures vanquished

Notes
Turn   | Place    | Note
-------+----------+-------------------------------------------
     0 | D:1      | Hasart the Demigod Conjurer began the quest for the Orb.
     0 | D:1      | Reached XP level 1. HP: 14/14 MP: 5/5
   256 | D:1      | Reached skill level 4 in Conjurations
   309 | D:1      | Reached XP level 2. HP: 17/20 MP: 0/7
   330 | D:1      | Learned a level 2 spell: Searing Ray
   964 | D:1      | You fall into a shaft and drop 1 floor!
  1203 | D:2      | Reached XP level 3. HP: 16/26 MP: 0/8
  1400 | D:2      | Found Tunisan's Antique Armour Shop.
  1606 | D:2      | Found Saokusm's Antique Weapon Shoppe.
  1647 | D:2      | Found Quugelo's Magic Scroll Emporium.
  2613 | D:3      | Noticed a scorpion
  2619 | D:3      | Killed a scorpion
  2620 | D:3      | Reached skill level 5 in Conjurations
  2620 | D:3      | Reached XP level 4. HP: 30/33 MP: 2/11
  2732 | D:3      | Reached XP level 5. HP: 37/38 MP: 2/12
  2808 | D:3      | Learned a level 4 spell: Fulminant Prism
  2948 | D:3      | Noticed a sky beast
  2956 | D:3      | Killed a sky beast
  2957 | D:3      | Reached skill level 1 in Hexes
  3475 | D:4      | Noticed an ogre
  3479 | D:4      | Killed an ogre
  3480 | D:4      | Reached XP level 6. HP: 45/45 MP: 7/14
  4052 | D:4      | Found a staircase to the Ecumenical Temple.
  4294 | D:5      | Entered Level 5 of the Dungeon
  4326 | D:5      | Reached XP level 7. HP: 31/50 MP: 1/16
  4544 | D:5      | Reached skill level 6 in Conjurations
  5397 | D:2      | Bought an ancient rapier for 243 gold pieces
  5397 | D:2      | Identified the +6 rapier of Watchfulness {freeze, rPois
                  | rC+++ Int-5 Dex-5} (You bought it in a shop on level 2 of
                  | the Dungeon)
  5513 | D:6      | Noticed a kobold demonologist
  5630 | D:6      | Found a transporter.
  5631 | D:6      | Found a transporter.
  5638 | D:6      | Noticed a kobold demonologist
  5673 | D:6      | Noticed an orc sorcerer
  5739 | D:6      | HP: 1/50 [iguana (12)]
  6114 | D:6      | Reached XP level 8. HP: 42/57 MP: 10/18
  6569 | D:6      | Reached skill level 5 in Spellcasting
  6995 | D:7      | Reached skill level 7 in Conjurations
  7039 | D:7      | Noticed a troll
  7047 | D:7      | Killed a troll
  7048 | D:7      | Reached skill level 5 in Dodging
  7967 | D:7      | Reached XP level 9. HP: 62/62 MP: 16/21
  8145 | D:8      | Reached skill level 5 in Hexes
  8337 | D:8      | Found Voesuido's Jewellery Boutique.
  8364 | D:8      | Found Anileajo's General Store.
  8502 | D:8      | Reached skill level 8 in Conjurations
  9003 | D:8      | Found Nob Mien's Magic Scroll Shoppe.
  9029 | D:8      | Found Uhorr's Assorted Antiques.
  9141 | D:8      | Found Dotoxaptuu's Armour Shoppe.
  9233 | D:8      | Reached XP level 10. HP: 66/69 MP: 15/24
  9389 | D:8      | Bought a scroll labelled TALYGY XUESI for 23 gold pieces
  9389 | D:8      | Bought a scroll labelled TALYGY XUESI for 23 gold pieces
  9687 | D:9      | Noticed a cyclops
  9701 | D:9      | Killed a cyclops
  9807 | D:9      | Noticed a skeletal warrior
  9808 | D:9      | Noticed a skeletal warrior
  9869 | D:9      | Found a flagged portal.
  9878 | Bailey   | Entered a bailey
 10107 | Bailey   | Noticed Grum
 10114 | Bailey   | Killed Grum
 11011 | D:9      | Reached skill level 9 in Conjurations
 11165 | D:9      | Noticed a skeletal warrior
 11165 | D:9      | Noticed a skeletal warrior
 11167 | D:9      | Noticed a skeletal warrior
 11170 | D:9      | Killed a skeletal warrior
 11197 | D:9      | Slain by a skeletal warrior

Illustrated notes

Levels and vault maps discovered:
D:1:      mainiacjoe_arrival_reflecting_pool, layout_rooms, minmay_tromino_v2
D:2:      layout_loops_corners, serial_shops, nicolae_square_shop, shop,
          nicolae_shop_crystal, shapermc_ecumenical_altar_flowoftime
D:3:      layout_rooms, mainiacjoe_overflow_alcove_1,
          mainiacjoe_overflow_catch_the_wave, hex_intersection
D:4:      layout_basic, temple_doors_e
D:5:      layout_basic, overflow_temple_1_default
D:6:      gammafunk_wand_slinger, layout_rooms, fedhas_altar_3,
          lightli_sewer_entry_pipes, hangedman_minor_gate_pass
D:7:      layout_basic, trog_book
D:8:      layout_loops_ring, mainiacjoe_overflow_small_starburst, serial_shops,
          nicolae_shop_waterfront, shop_fountains, nicolae_shop_stone, shop,
          kennysheep_mini
D:9:      layout_roguey, nicolae_hepliaklqana_hazy_memory, enter_bailey_4,
          serial_corexii_hall, chequers_hall_statues_wall_a,
          corexii_hall_statues_t, uniq_harold

Skill      XL: |  1  2  3  4  5  6  7  8  9 10 |
---------------+-------------------------------+-----
Conjurations   | 4 5 6 7 8 9 |  9.1
Spellcasting   | 2 3 4 5 6 7 |  7.4
Dodging        | 2 3 4 5 6 7 |  7.6
Hexes          | 1 2 3 4 6 7 |  7.2
Axes           | |  0.5
Stealth        | |  1.7

Action                   |  1- 3 |  4- 6 |  7- 9 | 10-12 || total
-------------------------+-------+-------+-------+-------++-------
Melee: Club              |     4 |       |       |       ||     4
       Hand axe          |    16 |    15 |    22 |       ||    53
       Long sword        |       |       |       |    14 ||    14
 Cast: Magic Dart        |    24 |       |       |       ||    24
       Searing Ray       |    31 |    30 |    76 |    24 ||   161
       Fulminant Prism   |       |       |     6 |    28 ||    34
  Use: Scroll            |       |       |       |    16 ||    16
 Stab: Sleeping          |     1 |       |       |       ||     1
Armor: Robe              |    14 |     7 |    30 |     6 ||    57
Dodge: Dodged            |    24 |    22 |   126 |    68 ||   240

Table legend: (Time is in decaauts)
 A = Elapsed time spent in this place.
 B = Non-inter-level travel time spent in this place.
 C = Inter-level travel time spent in this place.
 D = Time resting spent in this place.
 E = Time spent auto-exploring this place.
 F = Levels seen in this place.
 G = Mean time per level.
                   A        B        C        D        E       F      G
               +--------+--------+--------+--------+--------+-----+--------+
         Total |  11258 |  10696 |    562 |   1904 |   6694 |  10 | 1125.8 |
       Dungeon |  10330 |   9768 |    562 |   1487 |   6459 |   9 | 1147.8 |
        Bailey |    927 |    927 |      0 |    417 |    235 |   1 |  927.0 |
               +--------+--------+--------+--------+--------+-----+--------+

Top non-repeatable levels by time:
     D:8: 1504 daAuts
     D:5: 1355 daAuts
     D:3: 1352 daAuts
     D:7: 1293 daAuts
     D:2: 1286 daAuts
     D:6: 1166 daAuts
     D:1: 965 daAuts
  Bailey: 927 daAuts
     D:4: 881 daAuts
     D:9: 524 daAuts
